PBL
VICTORIA CAPITALS @ MADISON BREWERS
09/27/2048
 
TOP OF THE 1ST
Victoria Capitals batting - Pitching for Madison Brewers : LHP Gil Sanchez
Pitching: LHP Gil Sanchez
Batting: RHB Ross Hallock 0-0: Ball
1-0: Called Strike
1-1: Ball
2-1: Foul Ball, location: 2F
2-2: Strikes out swinging
Batting: RHB Steve Carmichael 0-0: Called Strike
0-1: Ball
1-1: Foul Ball, location: 2F
1-2: Ground out U3 (Groundball, 3S, EV 80.6 MPH)
Batting: RHB Jesus Santiago 0-0: Ball
1-0: Ball
2-0: Swinging Strike
2-1: Foul Ball, location: 2F
2-2: Foul Ball, location: 2F
2-2: Ball
3-2: Strikes out looking
Top of the 1st over - 0 runs, 0 hits, 0 errors, 0 left on base; Victoria 0 - Madison 0
BOTTOM OF THE 1ST
Madison Brewers batting - Pitching for Victoria Capitals : RHP Joey Mallandaine
Pitching: RHP Joey Mallandaine
Batting: LHB Andy Buschlen 0-0: Called Strike
0-1: Ball
1-1: Ball
2-1: Ball
3-1: DOUBLE (Line Drive, 78D, EV 101.9 MPH)
Batting: LHB Jose Simental 0-0: Swinging Strike
0-1: Foul Ball, location: 2F
0-2: Strikes out swinging
Batting: LHB Bill Kovac 0-0: Foul Ball, location: 2F
0-1: Ball
Andy Buschlen steals 3rd base
1-1: Called Strike
1-2: Strikes out swinging
Batting: RHB Mario Lopez 0-0: Foul Ball, location: 2F
0-1: Ball
1-1: Foul Ball, location: 2F
1-2: Foul Ball, location: 2F
1-2: Fly out, F8 (Flyball, 8LXD, EV 102.5 MPH)
Bottom of the 1st over - 0 runs, 1 hit, 0 errors, 1 left on base; Victoria 0 - Madison 0
TOP OF THE 2ND
Victoria Capitals batting - Pitching for Madison Brewers : LHP Gil Sanchez
Batting: RHB Rich Griffith 0-0: Ball
1-0: Foul Ball, location: 2F
1-1: Foul Ball, location: 2F
1-2: Ball
2-2: Strikes out looking
Batting: RHB Neal Perucci 0-0: Ball
1-0: Called Strike
1-1: Swinging Strike
1-2: Strikes out swinging
Batting: SHB Rich Roberts 0-0: Ball
1-0: Ball
2-0: Ball
3-0: Called Strike
3-1: Swinging Strike
3-2: Strikes out swinging
Top of the 2nd over - 0 runs, 0 hits, 0 errors, 0 left on base; Victoria 0 - Madison 0
BOTTOM OF THE 2ND
Madison Brewers batting - Pitching for Victoria Capitals : RHP Joey Mallandaine
Batting: LHB Tony Hasbun 0-0: Ball
1-0: Swinging Strike
1-1: Ground out 4-3 (Groundball, 13, EV 85.0 MPH)
Batting: RHB Ben Follett 0-0: Ball
1-0: Ball
2-0: Called Strike
2-1: Ball
3-1: Fly out, F9 (Flyball, 9D, EV 102.5 MPH)
Batting: RHB Malcolm McCauley 0-0: Foul Ball, location: 2F
0-1: Fly out, F9 (Flyball, 9S, EV 94.4 MPH)
Bottom of the 2nd over - 0 runs, 0 hits, 0 errors, 0 left on base; Victoria 0 - Madison 0
TOP OF THE 3RD
Victoria Capitals batting - Pitching for Madison Brewers : LHP Gil Sanchez
Batting: RHB John Britton 0-0: Ground out 4-3 (Groundball, 4M, EV 105.6 MPH)
Batting: LHB Jason Cary 0-0: Foul Ball, location: 2F
0-1: Foul Ball, location: 2F
0-2: Strikes out swinging
Batting: LHB Matt Hepburn 0-0: Ground out 6-3 (Groundball, 6, EV 89.4 MPH)
Top of the 3rd over - 0 runs, 0 hits, 0 errors, 0 left on base; Victoria 0 - Madison 0
BOTTOM OF THE 3RD
Madison Brewers batting - Pitching for Victoria Capitals : RHP Joey Mallandaine
Batting: RHB Gil Sanchez 0-0: Called Strike
0-1: Foul Ball, location: 2F
0-2: Fly out, F9 (Flyball, 89M, EV 83.1 MPH)
Batting: RHB Noah Peek 0-0: Swinging Strike
0-1: Swinging Strike
0-2: Ball
1-2: Ball
2-2: Ball
3-2: Strikes out swinging, 2-3 out at first.
Batting: LHB Andy Buschlen 0-0: Ball
1-0: Called Strike
1-1: Foul Ball, location: 2F
1-2: Foul Ball, location: 2F
1-2: Ground out 5-3 (Groundball, 56S, EV 85.0 MPH)
Bottom of the 3rd over - 0 runs, 0 hits, 0 errors, 0 left on base; Victoria 0 - Madison 0
TOP OF THE 4TH
Victoria Capitals batting - Pitching for Madison Brewers : LHP Gil Sanchez
Batting: RHB Ross Hallock 0-0: Fly out, F7 (Flyball, 78D, EV 103.1 MPH)
Batting: RHB Steve Carmichael 0-0: Called Strike
0-1: Foul Ball, location: 2F
0-2: Ball
1-2: Ball
2-2: Foul Ball, location: 2F
2-2: Ground out 4-3 (Groundball, 4, EV 81.2 MPH)
Batting: RHB Jesus Santiago 0-0: Ball
1-0: Called Strike
1-1: Foul Ball, location: 2F
1-2: Ball
2-2: Ball
3-2: Strikes out looking
Top of the 4th over - 0 runs, 0 hits, 0 errors, 0 left on base; Victoria 0 - Madison 0
BOTTOM OF THE 4TH
Madison Brewers batting - Pitching for Victoria Capitals : RHP Joey Mallandaine
Batting: LHB Jose Simental 0-0: Ball
1-0: Ball
2-0: Foul Ball, location: 2F
2-1: Foul Ball, location: 2F
2-2: Ground out 5-3 (Groundball, 5, EV 79.4 MPH)
Batting: LHB Bill Kovac 0-0: Called Strike
0-1: Ball
1-1: Foul Ball, location: 2F
1-2: Fly out, F7 (Flyball, 78M, EV 80.0 MPH)
Batting: RHB Mario Lopez 0-0: SINGLE (Line Drive, 34D, EV 101.2 MPH)
Batting: LHB Tony Hasbun 0-0: Swinging Strike
0-1: Called Strike
0-2: Fielders Choice at 2nd, 5-4 (Groundball, 6, EV 77.5 MPH)
Bottom of the 4th over - 0 runs, 1 hit, 0 errors, 1 left on base; Victoria 0 - Madison 0
TOP OF THE 5TH
Victoria Capitals batting - Pitching for Madison Brewers : LHP Gil Sanchez
Batting: RHB Rich Griffith 0-0: Called Strike
0-1: Ball
1-1: Ball
2-1: Foul Ball, location: 2F
2-2: Strikes out swinging
Batting: RHB Neal Perucci 0-0: Ball
1-0: Called Strike
1-1: Ball
2-1: Swinging Strike
2-2: Foul Ball, location: 2F
2-2: Foul Ball, location: 2F
2-2: Strikes out looking
Batting: SHB Rich Roberts 0-0: Swinging Strike
0-1: Fly out, F7 (Flyball, 78S, EV 87.5 MPH)
Top of the 5th over - 0 runs, 0 hits, 0 errors, 0 left on base; Victoria 0 - Madison 0
BOTTOM OF THE 5TH
Madison Brewers batting - Pitching for Victoria Capitals : RHP Joey Mallandaine
Batting: RHB Ben Follett 0-0: Foul Ball, location: 2F
0-1: Ground out U3 (Groundball, 34S, EV 90.0 MPH)
Batting: RHB Malcolm McCauley 0-0: Called Strike
0-1: Ball
1-1: Swinging Strike
1-2: Strikes out swinging
Batting: RHB Gil Sanchez 0-0: Ball
1-0: Ball
2-0: Ball
3-0: Called Strike
3-1: Foul Ball, location: 2F
3-2: Base on Balls
Batting: RHB Noah Peek 0-0: Ball
1-0: Fielders Choice at 2nd, 6-4 (Groundball, 56D, EV 83.1 MPH)
Bottom of the 5th over - 0 runs, 0 hits, 0 errors, 1 left on base; Victoria 0 - Madison 0
TOP OF THE 6TH
Victoria Capitals batting - Pitching for Madison Brewers : LHP Gil Sanchez
Batting: RHB John Britton 0-0: Swinging Strike
0-1: Ball
1-1: Called Strike
1-2: Ball
2-2: Ground out 4-3 (Groundball, 4, EV 103.8 MPH)
Batting: LHB Jason Cary 0-0: Called Strike
0-1: Foul Ball, location: 2F
0-2: Fly out, F7 (Flyball, 7LM, EV 98.1 MPH)
Batting: LHB Matt Hepburn 0-0: Ball
1-0: Ball
2-0: Called Strike
2-1: Foul Ball, location: 2F
2-2: SINGLE (Groundball, 6MS, EV 63.8 MPH) (infield hit)
Batting: RHB Ross Hallock 0-0: Called Strike
0-1: Ball
1-1: Swinging Strike
1-2: 2-RUN HOME RUN (Flyball, 8RXD, EV 106.9 MPH), Distance : 435 ft
Batting: RHB Steve Carmichael 0-0: Ball
1-0: Foul Ball, location: 2F
1-1: Ball
2-1: Swinging Strike
2-2: Ball
3-2: Strikes out swinging
Top of the 6th over - 2 runs, 2 hits, 0 errors, 0 left on base; Victoria 2 - Madison 0
BOTTOM OF THE 6TH
Madison Brewers batting - Pitching for Victoria Capitals : RHP Joey Mallandaine
Batting: LHB Andy Buschlen 0-0: Called Strike
0-1: Ball
1-1: Ball
2-1: Ball
3-1: Called Strike
3-2: Base on Balls
Batting: LHB Jose Simental 0-0: Called Strike
0-1: Called Strike
0-2: Strikes out swinging
Batting: LHB Bill Kovac 0-0: Ball
1-0: Called Strike
1-1: Fielders Choice at 2nd, 3-6 (Groundball, 3, EV 85.0 MPH)
Batting: RHB Mario Lopez 0-0: Called Strike
0-1: Ball
1-1: Foul Ball, location: 2F
1-2: Fielders Choice at 2nd, 6-4 (Groundball, 6D, EV 106.9 MPH)
Bottom of the 6th over - 0 runs, 0 hits, 0 errors, 1 left on base; Victoria 2 - Madison 0
TOP OF THE 7TH
Victoria Capitals batting - Pitching for Madison Brewers : LHP Gil Sanchez
Pitching: RHP Angel Pacheco
Batting: RHB Jesus Santiago 0-0: Foul Ball, location: 2F
0-1: Ball
1-1: Called Strike
1-2: Foul Ball, location: 2F
1-2: Ball
2-2: Strikes out looking
Batting: RHB Rich Griffith 0-0: Called Strike
0-1: Ball
1-1: Foul Ball, location: 2F
1-2: SINGLE (Groundball, 56, EV 90.6 MPH) (infield hit)
Batting: RHB Neal Perucci 0-0: Ball
1-0: Foul Ball, location: 2F
1-1: Swinging Strike
1-2: Ball
2-2: Fly out, F8 (Line Drive, 89M, EV 93.1 MPH)
Batting: SHB Rich Roberts 0-0: Ball
Rich Griffith steals 2nd base
1-0: Ball
2-0: Ground out 5-3 (Groundball, 5S, EV 90.0 MPH)
Top of the 7th over - 0 runs, 1 hit, 0 errors, 1 left on base; Victoria 2 - Madison 0
BOTTOM OF THE 7TH
Madison Brewers batting - Pitching for Victoria Capitals : RHP Joey Mallandaine
Pitching: LHP Matt Lee
Pinch Hitting: RHB Dustin Pryor 0-0: Swinging Strike
0-1: Ball
1-1: Swinging Strike
1-2: Ball
2-2: Strikes out looking
Batting: RHB Ben Follett 0-0: Ball
1-0: Swinging Strike
1-1: Ball
2-1: Foul Ball, location: 2F
2-2: Fly out, F8 (Flyball, 8RD, EV 90.0 MPH)
Batting: RHB Malcolm McCauley 0-0: Ball
1-0: Swinging Strike
1-1: Swinging Strike
1-2: Ball
2-2: Strikes out swinging
Bottom of the 7th over - 0 runs, 0 hits, 0 errors, 0 left on base; Victoria 2 - Madison 0
TOP OF THE 8TH
Victoria Capitals batting - Pitching for Madison Brewers : RHP Angel Pacheco
Now at 2B: Austin Doig
Batting: RHB John Britton 0-0: Foul Ball, location: 2F
0-1: Ball
1-1: Swinging Strike
1-2: Strikes out swinging
Batting: LHB Jason Cary 0-0: Ball
1-0: Ball
2-0: Ball
3-0: Called Strike
3-1: Foul Ball, location: 2F
3-2: Foul Ball, location: 2F
3-2: Strikes out swinging, 2-3 out at first.
Batting: LHB Matt Hepburn 0-0: Ball
1-0: Foul Ball, location: 2F
1-1: Called Strike
1-2: Ball
2-2: Ground out 4-3 (Groundball, 4, EV 80.0 MPH)
Top of the 8th over - 0 runs, 0 hits, 0 errors, 0 left on base; Victoria 2 - Madison 0
BOTTOM OF THE 8TH
Madison Brewers batting - Pitching for Victoria Capitals : LHP Matt Lee
Batting: RHB Tristan Smeets 0-0: Called Strike
0-1: Called Strike
0-2: Ball
1-2: Ball
2-2: Ball
3-2: Ground out 5-3 (Groundball, 5, EV 87.5 MPH)
Pinch Hitting: RHB Jelani Griffin 0-0: Foul Ball, location: 2F
0-1: Ball
1-1: Ball
2-1: Swinging Strike
2-2: Fly out, F7 (Flyball, 8LS, EV 86.9 MPH)
Pinch Hitting: RHB Ivan Rivera 0-0: Ball
1-0: Ball
2-0: Called Strike
2-1: SINGLE (Groundball, 6MD, EV 93.8 MPH)
Pinch Hitting: RHB Yang-cheng Kui 0-0: Ball
1-0: Foul Ball, location: 2F
1-1: Called Strike
1-2: Strikes out swinging
Bottom of the 8th over - 0 runs, 1 hit, 0 errors, 1 left on base; Victoria 2 - Madison 0
TOP OF THE 9TH
Victoria Capitals batting - Pitching for Madison Brewers : RHP Angel Pacheco
Now at 3B: Jelani Griffin
Now at SS: Yang-cheng Kui
Now in RF: Ivan Rivera
Batting: RHB Ross Hallock 0-0: Ball
1-0: Called Strike
1-1: Ground out 3-1 (Groundball, 34, EV 78.8 MPH)
Batting: RHB Steve Carmichael 0-0: Ball
1-0: SOLO HOME RUN (Flyball, 9D, EV 105.6 MPH), Distance : 396 ft
Batting: RHB Jesus Santiago 0-0: Ball
1-0: Called Strike
1-1: Foul Ball, location: 2F
1-2: Ball
2-2: Ball
3-2: Fly out, F7 (Flyball, 7, EV 70.6 MPH)
Batting: RHB Rich Griffith 0-0: Called Strike
0-1: Called Strike
0-2: Strikes out swinging
Top of the 9th over - 1 run, 1 hit, 0 errors, 0 left on base; Victoria 3 - Madison 0
BOTTOM OF THE 9TH
Madison Brewers batting - Pitching for Victoria Capitals : LHP Matt Lee
Pitching: RHP Jose Rios
Batting: LHB Bill Kovac 0-0: Ball
1-0: Ball
2-0: Called Strike
2-1: Fly out, F8 (Flyball, 8LM, EV 90.6 MPH)
Batting: RHB Mario Lopez 0-0: Ball
1-0: Ball
2-0: Ball
3-0: Called Strike
3-1: Called Strike
3-2: Foul Ball, location: 2F
3-2: Fly out, F8 (Line Drive, 8LM, EV 96.9 MPH)
Batting: RHB Austin Doig 0-0: Ball
1-0: Ball
2-0: Swinging Strike
2-1: Called Strike
2-2: Ball
3-2: TRIPLE (Flyball, 89XD, EV 108.1 MPH)
Batting: RHB Ben Follett 0-0: Ball
1-0: Swinging Strike
1-1: Swinging Strike
1-2: Ball
2-2: Foul Ball, location: 2F
2-2: Strikes out swinging
Bottom of the 9th over - 0 runs, 1 hit, 0 errors, 1 left on base; Victoria 3 - Madison 0
Tuesday, March 28th , 2023 - OOTP Baseball 23.10 Build 110